 Dungeon Crawl Stone Soup version 0.19-a0-1008-g4c63d25 (webtiles) character file.

27 kae the Slasher (level 2, 0/39 HPs)
             Began as a Minotaur Fighter on July 22, 2016.
             Succumbed to an adder's poison
             ... on level 1 of the Dungeon.
             The game lasted 00:00:52 (769 turns).

kae the Slasher (Minotaur Fighter)                   Turns: 769, Time: 00:00:52

Health: 0/39       AC: 21    Str: 20    XL:     2   Next: 93%
Magic:  1/1        EV:  2    Int:  5    God:
Gold:   47         SH:  9    Dex: 14    Spells: 0 memorised, 1 level left

rFire  . . .     SeeInvis .     a - +0 long sword
rCold  . . .     Gourm    .     (armour currently unavailable)
rNeg   + + +     Faith    .     c - +0 shield
rPois  +         Spirit   .     (helmet currently unavailable)
rElec  .         Dismiss  .     (cloak currently unavailable)
rCorr  .         Reflect  .     (gloves currently unavailable)
SustAt .         Harm     .     (boots currently unavailable)
MR     .....     NoTele   +     (no amulet)
Stlth  ++........               (no ring)
                                (no ring)

@: agile, lethally poisoned (0 -> -2), tree-form, not resistant to hostile
enchantments, unstealthy
A: (retaliatory headbutt), (horns 0)
a: no special abilities


You were on level 1 of the Dungeon.
You were not hungry.
You were a tree.
You visited 1 branch of the dungeon, and saw 2 of its levels.

You collected 47 gold pieces.

Inventory:

Hand Weapons
 a - a +0 long sword (weapon)
Armour
 b - a +0 scale mail (melded)
 c - a +0 shield (worn)
Jewellery
 e - an uncursed ring of protection from cold {unknown}
Scrolls
 g - a scroll of remove curse {unknown}
 j - a scroll of teleportation {unknown}
 l - a scroll of enchant weapon {unknown}
Potions
 d - a potion of might
Comestibles
 f - 2 bread rations
 i - 2 beef jerkies


   Skills:
 - Level 3.6 Fighting
 + Level 4.2 Long Blades
 - Level 3.6 Armour
 - Level 3.6 Shields


You had one spell level left.
You didn't know any spells.

Dungeon Overview and Level Annotations

Branches:
Dungeon (2/15)

Altars:


Innate Abilities, Weirdness & Mutations

((You reflexively headbutt those who attack you in melee.))
((You have a pair of horns on your head.))


Message History

You closely miss the jackal.
The jackal is almost dead.
The jackal bites you.
* * * LOW HITPOINT WARNING * * *
The jackal bites you.
* * * LOW HITPOINT WARNING * * *
Unknown command.
It was a potion of cancellation.
You feel magically purged.
* * * LOW HITPOINT WARNING * * *
You feel sick. You block the jackal's attack.
It was a potion of lignification.
You turn into a tree.
Your +0 scale mail melds into your body.
Your roots penetrate the ground.
You block the jackal's attack.
The jackal bites you but does no damage.
It was a potion of agility.
You feel agile all of a sudden. You block the jackal's attack.
Your shield prevents you from hitting the jackal.
The jackal is severely wounded.
You die...

#......#.######.##.#######..
###....†......###.##..........
#.............................
#.#..................#.#.##...
####.#......#.##......#.#.#.##...
............#.##..##..#.#.#.##...
####..#.....#.##..##..#.#.#......
####..##....#.###.##..#.#.#......
......##......Sh♣.##.............
#.###..#.###.#†##.##.##.#.....#.#
#.##..........................#.#
#.##...#.###...###.##.........#.#
......[.............#.#.......#.#
#..............###..#.#.#.#.#.#.#
#..##..#..##........#...)...#.#.#
#..##..#..##...###......#.#.#.###
#..##..#.......###.##.......#.#


You could see an adder and a jackal.

Vanquished Creatures
  A dart slug (D:1)
  2 giant geckos (D:1)
  A ball python (D:1)
  2 bats (D:1)
  A giant cockroach (D:1)
  2 goblins (D:1)
  A hobgoblin (D:1)
  3 jackals
  2 kobolds (D:1)
  3 giant newts (D:1)
  3 rats (D:1)
21 creatures vanquished.

Notes
Turn   | Place    | Note
-------+----------+-------------------------------------------
     0 | D:1      | kae the Minotaur Fighter began the quest for the Orb.
     0 | D:1      | Reached XP level 1. HP: 19/19 MP: 0/0
   161 | D:1      | Reached skill level 3 in Long Blades
   206 | D:1      | Reached XP level 2. HP: 21/26 MP: 1/1
   421 | D:1      | Reached skill level 4 in Long Blades
   766 | D:1      | HP: 1/26 [poisoned by an adder]
   769 | D:1      | Succumbed to an adder's poison

Vault maps used:
D:1:      mrwooster_arrival_arrow
D:2:      ecumenical_altar_2

Skill      XL: |  1  2 |
---------------+-------+-----
Long Blades    | 3 4 |  4.2
Fighting       | |  3.6
Armour         | |  3.6
Shields        | |  3.6

Action                   || total
-------------------------++-------
Melee: Long sword        ||    56
       Headbutt          ||     7
  Use: Potion            ||     3
Armor: Scale mail        ||    28
       Skin              ||     1
Dodge: Dodged            ||    21
Block: Shield            ||    25
